Map: [ESL] Solaris

Players

GuMiho

  • Race: Terran Terran
  • Spawn Location: 1:00

Classic - Winner!

  • Race: Protoss Protoss
  • Spawn Location: 7:00

Event: IEM Katowice 2024

VOD

Have the link to the VOD?

Description

Time

  • Played on: Dec. 8, 2023, 2:30 p.m.
  • Length: 10:59

All games in this series

Show
View Real Time Build Order
Export as new Build Order

GuMiho Terran 

Build Orders: Cyclone Opening 

Get SALT Encoding   

  12  0:00  SCV  
  13  0:12  SCV  
  14  0:16  Supply Depot  
  14  0:24  SCV  
  15  0:38  SCV  
  15  0:39  Barracks  
  15  0:42  Refinery  
  16  0:50  SCV  
  16  0:52  Refinery  
  17  1:02  SCV  
  18  1:14  SCV  
  19  1:26  Orbital Command, Reaper  
  19  1:28  Supply Depot  
  20  1:41  Factory  
  20  1:52  SCV  
  21  1:58  Barracks Reactor  
  21  2:04  SCV  
  22  2:15  Command Center  
  22  2:18  SCV  
  23  2:25  Cyclone  
  25  2:30  SCV  
  25  2:33  Supply Depot  
  25  2:37  Marine  
  26  2:38  Marine  
  26  2:42  SCV  
  29  2:54  SCV  
  29  2:57  Cyclone, Marine x2  
  33  3:06  SCV  
  33  3:12  Starport  
  34  3:15  Marine  
  34  3:16  Marine  
  34  3:18  SCV  
  37  3:29  Cyclone  
  39  3:39  SCV  
  40  3:44  Marine  
  40  3:48  SCV  
  41  3:51  Marine, Medivac  
  41  3:53  SCV  
  45  4:00  Orbital Command  
  45  4:02  Factory Tech Lab  
  44  4:05  SCV  
  44  4:08  Barracks  
  44  4:09  Barracks  
  45  4:11  Supply Depot  
  45  4:14  Marine x2  
  47  4:18  SCV  
  47  4:21  Starport Tech Lab  
  48  4:26  SCV  
  48  4:29  Siege Tank  
  52  4:32  SCV  
  52  4:36  Supply Depot  
  52  4:38  Marine  
  54  4:39  Marine  
  54  4:42  SCV  
  56  4:46  Supply Depot  
  56  4:47  SCV  
  57  4:53  Refinery  
  57  4:54  SCV  
  58  5:00  SCV  
  58  5:03  Siege Tank  
  58  5:06  Stimpack, Supply Depot, SCV  
  63  5:07  Marine  
  63  5:11  Marine  
  63  5:12  Marine, SCV  
  67  5:15  Marine  
  67  5:18  SCV  
  69  5:23  Engineering Bay  
  69  5:25  Marine  
  70  5:28  Marine, Medivac  
  70  5:32  SCV x2  
  70  5:35  Supply Depot  
  76  5:40  Marauder  
  77  5:44  SCV x2  
  77  5:46  Refinery  
  81  5:50  Marauder  
  81  5:52  Marine x2  
  81  5:56  Combat Shield  
  83  6:01  Marauder  
  84  6:10  Marine  
  87  6:11  Marauder  
  87  6:13  SCV x2  
  87  6:14  Terran Infantry Weapons Level 1  
  89  6:18  Factory Reactor  
  89  6:19  Medivac  
  89  6:23  Marauder  
  89  6:25  SCV  
  94  6:30  Supply Depot x2  
  93  6:34  Marauder  
  85  6:44  Marauder  
  80  6:49  Marine  
  80  6:53  SCV x2  
  79  6:55  Marauder  
  79  6:58  Widow Mine x2, Medivac  
  87  7:04  Marine  
  87  7:05  Marauder, SCV x2  
  92  7:09  Concussive Shells  
  92  7:17  Marauder  
  92  7:21  Widow Mine  
  92  7:22  SCV, Widow Mine  
  99  7:23  Command Center, SCV  
  99  7:28  Barracks, Armory  
  100  7:30  Starport Reactor  
  100  7:33  Barracks  
  100  7:41  Marauder  
  100  7:42  SCV x2, Marauder  
  104  7:48  Widow Mine, Ghost Academy  
  106  8:00  SCV x2  
  106  8:03  Supply Depot  
  106  8:05  Supply Depot  
  108  8:06  Marauder  
  108  8:07  Supply Depot  
  108  8:10  Terran Infantry Armor Level 1  
  112  8:29  Marine  
  112  8:30  Marine  
  112  8:32  Widow Mine x2  
  112  8:33  Medivac x2  
  122  8:35  SCV  
  122  8:37  Ghost  
  122  8:38  Barracks Tech Lab, Ghost  
  122  8:39  Barracks Reactor  
  123  8:45  SCV  
  123  8:47  Orbital Command  
  120  8:57  Marine x2  
  120  8:59  Widow Mine x2  
  125  9:11  Medivac x2  
  125  9:13  SCV x3  
  125  9:15  Ghost x2, Marine x2  
  125  9:16  Ghost  
  136  9:22  Supply Depot  
  136  9:23  Supply Depot x2  
  136  9:26  SCV x3  
  136  9:28  Marine x2  
  141  9:33  Missile Turret, Marine  
  141  9:36  Missile Turret  
  140  9:41  Viking, Sensor Tower  
  142  9:51  Supply Depot  
  142  9:54  Marauder, Supply Depot  
  142  9:57  Marauder, Marine  
  149  10:00  Marauder  
  141  10:10  Marine x2  
  141  10:13  Viking  
  145  10:16  Marauder  
  145  10:18  Marauder, Marine  
  152  10:21  Marauder  
  118  10:36  Marine x2  
  118  10:37  Marauder  
Show
View Real Time Build Order
Export as new Build Order

Classic Protoss - Winner!

Build Orders: 1 Gate Expand, Archon Immortal, Blink Stalkers 

Get SALT Encoding   

  12  0:00  Probe  
  13  0:12  Probe  
  14  0:18  Pylon  
  14  0:24  Probe  
  15  0:36  Probe (Chrono Boost)  
  15  0:37  Gateway  
  16  0:46  Assimilator, Probe (Chrono Boost)  
  17  0:51  Probe  
  18  1:03  Probe  
  19  1:15  Probe  
  20  1:24  Cybernetics Core  
  20  1:34  Nexus  
  20  1:41  Pylon  
  20  1:45  Probe  
  21  1:51  Assimilator  
  21  1:57  Adept (Chrono Boost), Probe  
  24  2:02  Warp Gate  
  24  2:09  Probe  
  25  2:17  Adept (Chrono Boost)  
  25  2:21  Probe  
  28  2:27  Twilight Council  
  28  2:33  Probe  
  29  2:40  Stalker  
  31  2:46  Probe (Chrono Boost)  
  31  2:49  Probe (Chrono Boost)  
  35  2:58  Probe (Chrono Boost)  
  35  3:02  Probe (Chrono Boost)  
  35  3:03  Blink (Chrono Boost), Probe (Chrono Boost)  
  36  3:10  Probe  
  36  3:12  Stalker  
  37  3:13  Probe  
  37  3:18  Shield Battery  
  38  3:22  Probe  
  38  3:25  Probe  
  40  3:30  Gateway  
  36  3:44  Probe x2  
  36  3:50  Stalker  
  36  3:53  Gateway  
  38  3:56  Probe x2  
  38  4:00  Robotics Facility  
  40  4:05  Pylon  
  40  4:09  Probe (Chrono Boost)  
  42  4:13  Probe (Chrono Boost)  
  42  4:19  Probe (Chrono Boost)  
  42  4:20  Sentry  
  42  4:22  Probe (Chrono Boost)  
  46  4:24  Assimilator  
  46  4:26  Assimilator  
  46  4:28  Probe x2 (Chrono Boost)  
  48  4:35  Probe x2  
  48  4:37  Pylon  
  50  4:47  Observer, Probe x2  
  50  4:50  Nexus  
  50  4:52  Charge  
  53  4:53  Pylon  
  53  5:02  Templar Archives  
  53  5:06  Probe  
  54  5:09  Gateway  
  54  5:15  Gateway  
  54  5:19  Gateway  
  54  5:27  Observer  
  54  5:28  Probe x2  
  56  5:29  Gateway  
  56  5:36  Psionic Storm  
  56  5:38  Stalker x2  
  56  5:41  Stalker  
  62  5:52  Pylon  
  62  6:06  High Templar x2  
  62  6:07  Zealot x2  
  70  6:12  Archon  
  70  6:13  Zealot x2  
  70  6:14  Immortal (Chrono Boost)  
  76  6:23  Pylon  
  76  6:27  Zealot x2  
  76  6:31  Pylon  
  80  6:34  Zealot x2  
  80  6:38  Zealot x2  
  80  6:43  Observer  
  64  6:48  Immortal (Chrono Boost)  
  64  6:50  Zealot  
  64  6:53  Probe x2  
  68  6:56  Zealot  
  68  7:00  High Templar x2  
  72  7:02  Probe  
  72  7:05  Probe  
  72  7:06  Zealot  
  72  7:07  Zealot  
  78  7:16  Zealot x2  
  82  7:25  Immortal (Chrono Boost)  
  82  7:28  High Templar x2  
  90  7:30  Pylon  
  90  7:38  Zealot x4  
  90  7:41  Probe x2  
  90  7:42  Probe  
  96  7:53  Probe x2  
  96  7:54  Probe  
  96  7:55  Observer (Chrono Boost)  
  100  7:58  Pylon  
  100  8:00  Stalker x3  
  106  8:09  Zealot  
  106  8:12  Pylon  
  108  8:13  Pylon  
  108  8:14  Pylon  
  106  8:21  Stalker x3  
  112  8:30  Observer (Chrono Boost)  
  113  8:34  Probe x2  
  113  8:35  Probe  
  113  8:36  High Templar x2  
  113  8:39  Zealot  
  113  8:40  Zealot  
  124  8:42  Warp Prism (Chrono Boost)  
  124  8:45  Pylon  
  126  8:49  Zealot  
  128  8:55  Zealot x2  
  128  8:57  Pylon  
  128  9:01  Zealot  
  128  9:02  Zealot  
  133  9:11  Pylon  
  133  9:13  Pylon  
  133  9:16  Zealot x2  
  133  9:25  Zealot  
  133  9:28  Immortal (Chrono Boost)  
  133  9:30  Pylon  
  139  9:32  Forge  
  139  9:38  High Templar x3  
  141  9:39  High Templar  
  141  9:40  Zealot  
  141  9:42  Forge  
  141  9:44  Archon x2, Pylon  
  149  9:47  Zealot x2  
  149  10:11  Pylon  
  149  10:12  Zealot x7  
  163  10:17  Immortal  
  158  10:30  Archon  
  158  10:33  Zealot x4  
  158  10:34  Zealot x3  
  140  10:45  Archon  

Tags
 
Add a new tag
Caveats
  • Supply blocks, unpowered buildings, or Contaminate may cause inaccurate times.
  • Supply counts are checked every 10 seconds.